 Dungeon Crawl Stone Soup version 0.17-a0-1900-g45e8110 (webtiles) character file.

15235 Ijustatesigmund the Bludgeoner (level 11, 0/154 HPs)
             Began as a Minotaur Berserker on Sept 24, 2015.
             Was the Champion of Trog.
             Slain by an unseen horror (5 damage)
             ... on level 12 of the Dungeon.
             The game lasted 00:35:26 (11215 turns).

Ijustatesigmund the Bludgeoner (MiBe)              Turns: 11215, Time: 00:35:26

Health: 0/154      AC: 17    Str: 26    XL:     11   Next: 99%
Magic:  3/3        EV: 13    Int:  4    God:    Trog [******]
Gold:   592        SH:  0    Dex: 14    Spells: 0 memorised, 10 levels left

rFire  . . .     SeeInvis .     F - +3 great mace (antimagic)
rCold  + + .     Clarity  .     f - +3 chain mail
rNeg   . . .     SustAt   .     (no shield)
rPois  .         Gourm    .     (helmet restricted)
rElec  .         Spirit   .     (no cloak)
rCorr  +         Warding  .     O - +1 pair of gloves
rMut   .         Stasis   .     z - +1 pair of boots
MR     .....                    J - amulet of resist corrosion
Stlth  ..........               x - ring of protection from cold
                                H - ring of protection from cold

@: berserking (expiring), very quick, not resistant to hostile enchantments,
extremely unstealthy
A: retaliatory headbutt, horns 2
a: Burn Spellbooks, Berserk, Trog's Hand, Brothers in Arms, Renounce Religion


You were on level 12 of the Dungeon.
You worshipped Trog.
Trog was exalted by your worship.
You were hungry.

You visited 1 branch of the dungeon, and saw 12 of its levels.

You collected 592 gold pieces.

Inventory:

Hand weapons
 v - a +0 flail
 w - a +0 flail of crushing
 D - a +3 antimagic dire flail
 F - a +3 antimagic great mace (weapon)
Armour
 f - a +3 chain mail (worn)
 z - a +1 pair of boots (worn)
 O - a +1 pair of gloves (worn)
Jewellery
 x - a ring of protection from cold (right hand)
 C - a +3 ring of intelligence
 H - a ring of protection from cold (left hand)
 J - an amulet of resist corrosion (around neck)
 L - the ring of Gutui {*Confuse +Fly Int+10}
   (You found it on level 10 of the Dungeon)

   [ring of flight]

   It affects your intelligence (+10).
   It lets you fly.
   It may confuse you when you take damage.
Magical devices
 t - a wand of draining (10)
 y - a wand of fireball (8)
 B - a wand of enslavement (17)
 M - a wand of disintegration (19)
 R - a wand of fire (9)
 T - a wand of digging (13)
Scrolls
 b - 3 scrolls of fear
 i - 10 scrolls of remove curse
 n - a scroll of teleportation
 o - 2 scrolls of immolation
 p - 2 scrolls of identify
 r - 8 scrolls of magic mapping
 E - a scroll of blinking
Potions
 a - a potion of resistance {unknown}
 d - a potion of magic {unknown}
 e - a potion of cure mutation {unknown}
 g - 2 potions of brilliance {unknown}
 h - 2 potions of flight
 j - 3 potions of might
 k - a potion of cancellation
 l - a potion of ambrosia {unknown}
 s - 2 potions of agility
 u - 3 potions of haste
 A - 2 potions of lignification
 I - a potion of invisibility {unknown}
 P - 2 potions of curing
Comestibles
 c - 5 bread rations
 m - 6 meat rations
 G - 23 fruits


   Skills:
 - Level 11.6 Fighting
 + Level 16.4 Maces & Flails
 - Level 6.4 Armour
 - Level 9.1 Dodging


You had 10 spell levels left.
You didn't know any spells.

Dungeon Overview and Level Annotations

Branches:
Dungeon (12/15)            Temple (0/1) D:6            Lair (0/8) D:11
    Orc: D:9-12

Altars:
Cheibriados
Fedhas
Gozag
Makhleb
Nemelex Xobeh
Okawaru
Qazlal
Trog
Yredelemnul
Zin
The Shining One

Shops:
D:4 :   D:6 :


Innate Abilities, Weirdness & Mutations

You reflexively headbutt those who attack you in melee.
You have a pair of horns on your head.


Message History

The brown ugly thing is heavily wounded.
Something hits you.
* * * LOW HITPOINT WARNING * * *
You thump the brown ugly thing! You headbutt the brown ugly thing!
You kill the brown ugly thing!
Trog accepts your kill. Something hits you but does no damage.
Something barely misses you. Something hits you.
* * * LOW HITPOINT WARNING * * *
Your chain mail prevents you from hitting something.
Something hits you but does no damage.
You sock something! Your headbutt misses something.
Something hits you but does no damage.
You hit something but do no damage. Something hits you but does no damage.
Something hits you but does no damage.
You closely miss something. Something hits you but does no damage.
You completely miss something. Something hits you but does no damage.
Something hits you but does no damage.
You closely miss something. Something hits you.
You die...

.........##....#
########.##.##.#
##.......#
######.....####
#..........#
#.#######.####.###.#
#...........##.# #.#
........#.#.##!# #.#
#@#.#.#..###.#####
...####.#.#.#.....<.....
......[†#.#.##.#.##.##.#
.#.......†..#.#.#..#..
....#####.##.#.#.##.##.#
... ...#.#.###.. .. . ..
####.#.#.# ..# . . #.##
#.. #.. #.# ... #..


There were no monsters in sight!

Vanquished Creatures
  Snorg (D:10)
  A slime creature (D:12)
  The ghost of Borgoz the Blocker, an experienced MiFi of Makhleb (D:8)
  Pikel (D:7)
  2 unseen horrors (D:11)
  2 manticores
  An ugly thing (D:12)
  An orc knight (D:10)
  Joseph (D:8)
  4 two-headed ogres
  2 trolls
  Grinder (D:3)
  8 yaks
  Sigmund (D:3)
  The ghost of Ijustatesigmund the Cudgeler, an average MiBe of Trog (D:3)
  A deep elf mage (D:10)
  3 ice beasts
  2 hungry ghosts (D:8)
  2 hippogriffs
  3 water moccasins
  An orc warrior (D:11)
  Duvessa (D:6)
  A black bear (D:11)
  4 sky beasts
  A wasp (D:11)
  A phantom (D:5)
  9 centaurs
  A necrophage (D:10)
  4 ogres
  5 giant frogs
  Dowan (D:6)
  A water moccasin zombie (D:8)
  3 big kobolds
  6 killer bees
  3 scorpions
  5 wights
  A quasit (D:11)
  7 crimson imps
  5 centaur skeletons
  A jelly (D:8)
  2 iguanas
  9 orc priests
  Ijyb (D:3)
  9 hounds
  Jessica (D:3)
  3 giant frog skeletons
  8 worker ants
  Terence (D:3)
  A gnoll shaman (D:7)
  12 orc wizards
  A killer bee zombie (D:10)
  A worker ant zombie (D:7)
  17 adders
  9 gnolls
  A shadow imp (D:9)
  An ooze (D:3)
  An adder skeleton (D:9)
  7 giant geckos
  49 orcs
  2 ball pythons
  9 giant cockroaches
  8 hobgoblins
  16 jackals
  16 kobolds
  4 quokkas
  9 bats
  5 giant newts
  8 goblins
  A rat (D:2)
312 creatures vanquished.

Vanquished Creatures (others)
  2 slaves (D:7)
  A giant frog (D:7)
  A gnoll (D:8)
  An adder (D:7)
5 creatures vanquished.

Grand Total: 317 creatures vanquished

Notes
Turn   | Place    | Note
--------------------------------------------------------------
     0 | D:1      | Ijustatesigmund the Minotaur Berserker began the quest for the Orb.
     0 | D:1      | Reached XP level 1. HP: 19/19 MP: 0/0
   100 | D:1      | Reached skill level 4 in Maces & Flails
   102 | D:1      | Reached XP level 2. HP: 18/27 MP: 1/1
   632 | D:2      | Acquired Trog's second power
   635 | D:2      | Reached XP level 3. HP: 33/33 MP: 2/2
   749 | D:2      | Reached skill level 5 in Maces & Flails
   892 | D:2      | Reached XP level 4. HP: 36/41 MP: 3/3
   911 | D:2      | Reached skill level 5 in Fighting
   986 | D:2      | Found a burning altar of Makhleb.
  1081 | D:2      | Found a snail-covered altar of Cheibriados.
  1212 | D:2      | Found a blossoming altar of Fedhas.
  1317 | D:3      | Noticed Jessica
  1318 | D:3      | Noticed Sigmund
  1414 | D:3      | Noticed Ijustatesigmund's ghost (average MiBe)
  1428 | D:3      | Killed Ijustatesigmund's ghost
  1428 | D:3      | Reached skill level 6 in Fighting
  1428 | D:3      | Reached XP level 5. HP: 50/50 MP: 4/4
  1428 | D:3      | Reached XP level 6. HP: 57/57 MP: 5/5
  1553 | D:3      | Killed Sigmund
  1554 | D:3      | Found a sparkling altar of Nemelex Xobeh.
  1749 | D:3      | Noticed Ijyb
  1820 | D:3      | Noticed Grinder
  1823 | D:3      | Killed Ijyb
  1823 | D:3      | Reached skill level 7 in Maces & Flails
  1823 | D:3      | Reached XP level 7. HP: 46/64 MP: 6/6
  1829 | D:3      | Killed Grinder
  2075 | D:3      | Noticed Terence
  2085 | D:3      | Killed Terence
  2279 | D:3      | Found a bloodstained altar of Trog.
  2454 | D:3      | Found a glowing silver altar of Zin.
  2514 | D:3      | Killed Jessica
  2676 | D:4      | Reached skill level 5 in Armour
  2681 | D:4      | Reached skill level 8 in Maces & Flails
  2937 | D:4      | Reached XP level 8. HP: 48/74 MP: 7/7
  3562 | D:4      | Found Teett's Book Shop.
  3653 | D:5      | Entered Level 5 of the Dungeon
  3656 | D:5      | Found a basalt altar of Yredelemnul.
  3675 | D:5      | Got a translucent ring mail
  3687 | D:5      | Identified the +0 ring mail of the Armadillo {rElec Str+4} (You found it on level 5 of the Dungeon)
  3826 | D:5      | Found a stormy altar of Qazlal.
  3970 | D:5      | Got a transparent trident
  3971 | D:5      | Identified the +6 trident "Riplow" {speed, Int+6 Dex-4} (You found it on level 5 of the Dungeon)
  4147 | D:5      | Acquired Trog's third power
  4291 | D:5      | Found an iron altar of Okawaru.
  4573 | D:5      | Reached skill level 9 in Maces & Flails
  4736 | D:6      | Found a staircase to the Ecumenical Temple.
  4778 | D:6      | Noticed Dowan
  4779 | D:6      | Noticed Duvessa
  4790 | D:6      | Killed Duvessa
  4793 | D:6      | Killed Dowan
  4838 | D:6      | Found Xiblerar's Book Shop.
  4984 | D:6      | Found an opulent altar of Gozag.
  5054 | D:6      | Reached skill level 10 in Maces & Flails
  5126 | D:6      | Reached XP level 9. HP: 73/83 MP: 8/8
  5578 | D:7      | Reached skill level 11 in Maces & Flails
  5618 | D:7      | Reached skill level 10 in Fighting
  5632 | D:7      | Noticed Pikel
  5650 | D:7      | Killed Pikel
  5692 | D:7      | Reached skill level 12 in Maces & Flails
  5995 | D:7      | Found a glowing golden altar of the Shining One.
  6240 | D:8      | Noticed Borgoz's ghost (experienced MiFi)
  6447 | D:7      | Reached XP level 10. HP: 43/94 MP: 9/9
  6943 | D:8      | Killed Borgoz's ghost
  6943 | D:8      | Reached skill level 13 in Maces & Flails
  7278 | D:8      | Noticed Joseph
  7296 | D:8      | Killed Joseph
  8155 | D:9      | Received a gift from Trog
  8268 | D:9      | Got a pair of pitted gloves
  8274 | D:9      | Identified the -5 pair of gloves of the Wilderness {+Inv MP+9 Str+4 Int-5} (You found it on level 9 of the Dungeon)
  8353 | D:9      | Reached skill level 5 in Dodging
  8698 | D:10     | Entered Level 10 of the Dungeon
  8796 | D:10     | Got a smoking lapis lazuli ring
  8798 | D:10     | Identified the ring of Gutui {*Confuse +Fly Int+10} (You found it on level 10 of the Dungeon)
  8836 | D:10     | Noticed Snorg
  8840 | D:10     | Reached XP level 11. HP: 57/103 MP: 3/10
  8851 | D:10     | Killed Snorg
  9138 | D:10     | Noticed an orc knight
  9152 | D:10     | Killed an orc knight
  9361 | D:10     | Reached skill level 14 in Maces & Flails
 10005 | D:11     | Killed an unseen horror
 10007 | D:11     | Killed an unseen horror
 10007 | D:11     | Reached skill level 15 in Maces & Flails
 10018 | D:11     | Found a staircase to the Lair.
 10756 | D:11     | Received a gift from Trog
 11027 | D:12     | Reached skill level 16 in Maces & Flails
 11207 | D:12     | HP: 6/154 [something (5)]
 11215 | D:12     | Slain by an unseen horror

Vault maps used:
D:1:      roderic_octagonal_star
D:2:      cheibriados_altar_wand_db, fedhas_altar_2, makhleb_blood_cavern_becter
D:3:      nicolae_overflow_hidden_temple, nemelex_xobeh_ov_fountains_minmay,
          overflow_temple_1_default, uniq_jessica, uniq_terence, uniq_iyjb,
          uniq_grinder, uniq_sigmund
D:4:      serial_shops, nicolae_shop_crystal, first_bread
D:5:      nicolae_overflow_crystal_walls, okawaru_altar_gauntlet_db,
          nicolae_qazlal_style_of_elements
D:6:      grunt_gozag_breadcrumbs, minmay_temple_entry_butterflies,
          serial_shops, kennysheep_mini_moat, minmay_misc_feat_five,
          uniq_duvessa
D:7:      nicolae_tso_swordbearing_angel, uniq_pikel
D:8:      uniq_joseph
D:9:      blue_anna_alchemist, eino_small_chamber_without_monster,
          evilmike_minifort
D:10:     uniq_snorg
D:11:     lair_0_dummy, due_unseen_surprise
D:12:     hangedman_what_comes_after_a, orc_0_dummy, serial_shops, shop,
          serial_park_tiny_2, uniq_fannar

Action                   |  1- 3 |  4- 6 |  7- 9 | 10-12 || total
-------------------------+-------+-------+-------+-------++-------
Melee: Mace              |    73 |    99 |    76 |       ||   248
       Flail             |       |       |   331 |   151 ||   482
       Dire flail        |       |       |       |   247 ||   247
       Great mace        |       |       |       |    34 ||    34
Invok: Berserk           |       |     3 |     1 |     5 ||     9
       Trog's Hand       |       |       |     1 |     1 ||     2
       Burn Spellbooks   |       |       |       |     3 ||     3
Evoke: Wand              |       |       |       |     1 ||     1
  Use: Scroll            |     3 |     6 |    12 |     5 ||    26
       Potion            |       |     2 |       |       ||     2
  Eat: Chunk             |       |     4 |    15 |    15 ||    34
       Fruit             |       |     1 |     3 |     2 ||     6
       Beef jerky        |       |       |     1 |       ||     1
       Pizza             |       |       |       |     3 ||     3
       Meat ration       |       |       |       |     1 ||     1
